 Dungeon Crawl Stone Soup version 0.31-a0-876-gfe8ebadbca (webtiles) character file.

Game seed: 9686923239288684644

156 oldriver the Trooper (level 5, -7/34 HPs)
             Began as a Gargoyle Fighter on Oct 14, 2023.
             Killed themself with a badly aimed iceblast (11 damage)
             ... on level 3 of the Dungeon.
             The game lasted 00:02:48 (1607 turns).

oldriver the Trooper (Gargoyle Fighter)             Turns: 1607, Time: 00:02:49

Health: -7/34      AC: 10    Str: 22    XL:     5   Next: 38%
Magic:  2/5        EV:  9    Int:  8    God:
Gold:   101        SH:  4    Dex:  9    Spells: 4/4 levels left

rFire   . . .        a - +0 war axe
rCold   . . .        c - +0 buckler
rNeg    + . .        b - +0 scale mail
rPois   ∞            (no helmet)
rElec   +            (no cloak)
rCorr   .            (no gloves)
SInv    .            (no boots)
Will    .....        e - amulet of the acrobat Stlth
                     (no ring)
HPRegen 0.00/turn    (no ring)
MPRegen 0.09/turn

%: acrobat
@: inhibited regen
A: sickness immunity, AC +4, negative energy resistance 1, electricity
resistance, torment resistance 1, petrification resistance, deterioration 1,
inhibited regeneration, MP-powered wands, devolution 1
a: no special abilities


You were on level 3 of the Dungeon.
You visited 1 branch of the dungeon, and saw 3 of its levels.

You collected 101 gold pieces.

Inventory:

Hand Weapons
 a - a +0 war axe (weapon)
Armour
 b - a +0 scale mail (worn)
 c - a +0 buckler (worn)
Jewellery
 e - an amulet of the acrobat (around neck)
Talismans
 l - a flux talisman
Wands
 h - a wand of iceblast (9)
Scrolls
 f - a scroll of noise {unknown}
 g - a scroll of identify {unknown}
 m - a scroll of fog {unknown}
 n - a scroll of teleportation {unknown}
Potions
 o - a potion of cancellation


   Skills:
 + Level 4.6 Fighting
 * Level 4.1 Axes
 - Level 3.2 Armour
 - Level 3.2 Shields


You had 4 spell levels left.
You didn't know any spells.
Your spell library was empty.

Dungeon Overview and Level Annotations

Branches:
Dungeon (3/15)

Altars:

Portals:
Sewer: D:3


Innate Abilities, Weirdness & Mutations

You are immune to sickness and miasma.
Your stone body is resilient. (AC +4)
You are immune to poison.
You resist negative energy. (rN+)
You are resistant to electric shocks. (rElec)
You are resistant to unholy torment.
You are immune to petrification.
Your body sometimes deteriorates upon taking damage.
You do not regenerate when monsters are visible.
You expend magic power (3 MP) to strengthen your wands.
You have hidden genetic defects.


Message History

You kill the ball python!
The adder bites you but does no damage. Something hits you but does no damage.
The adder bites you but does no damage.
You miss the adder. The adder closely misses you.
Something hits you but does no damage. The adder bites you but does no damage.
You slash the adder!
You kill the adder!
Something hits you but does no damage. Something misses you.
You hit something. Something hits you!
You miss something.
A giant cockroach comes into view.
Something hits you but does no damage.
You completely miss something. You hit something.
Something hits you but does no damage.
You hit something. Something hits you.
You closely miss something. Something hits you.
It was a potion of mutation.
You feel extremely strange.
You feel yourself wasting away.
Your regeneration stops near monsters.
You feel a hidden malignance growing inside you.
You feel your magical essence link to the dungeon's wands.
Something hits you!
* * * LOW HITPOINT WARNING * * *
It was a potion of cancellation.
Your magical effects are unravelling.
You feel magically purged.
You feel a little less mighty now.
It was a potion of curing.
You feel better. Something hits you but does no damage.
You closely miss something. Something hits you!
You barely miss something. Something hits you!
* * * LOW HITPOINT WARNING * * *
Aiming: Iceblast
Press: ? - help, Shift-Dir - straight line, f - giant cockroach
Aim: a giant cockroach You feel a slight surge of power.
The mass of ice explodes!
The iceblast engulfs something!!
Reactivating autopickup.
You feel a bit more experienced. The iceblast engulfs you!
You die...

* #......,,,,,,* *
#.#...,,,,,,,*** *
#.#..#****,,,,,* ###
#.#..#,,,*,,**,* ..#
#.#..#,_,+,,**,*
..##########)#..#,,,*,.##,*
>.............).#####....,*
.#......######.........##,**
.#........#....)@†.......,,*
.#.##+#<#.#.####)##.##.##,**
...#*,###.#,* #B#,,..,,*,*
.###*,***,#.####B#######*,**
..,,,,,,,,#.........@...,,,*
.#***,****######.#######****
,,,,,,,,,,,,,,,...,,,,,*
,****,******,*.....,,,,* ,*
*,* *,....~~~,,,*


You could see 2 giant cockroaches.

Vanquished Creatures
  Sigmund (D:3)
  Ijyb (D:3)
  6 adders
  2 worms
  A dart slug (D:1)
  6 bats
  6 endoplasms
  4 giant cockroaches
  9 goblins
  4 hobgoblins
  2 jackals (D:2)
  A quokka (D:3)
  5 ball pythons
  9 kobolds
  10 rats
67 creatures vanquished.

Notes
Turn   | Place    | Note
-------+----------+-------------------------------------------
     0 | D:1      | oldriver the Gargoyle Fighter began the quest for the Orb.
     0 | D:1      | Reached XP level 1. HP: 14/14 MP: 1/1
   182 | D:1      | Reached XP level 2. HP: 15/19 MP: 2/2
   412 | D:1      | Found a faded altar of an unknown god.
   841 | D:1      | Reached XP level 3. HP: 23/24 MP: 3/3
  1179 | D:2      | Reached XP level 4. HP: 29/29 MP: 4/4
  1552 | D:3      | Noticed Ijyb
  1557 | D:3      | Reached XP level 5. HP: 26/34 MP: 5/5
  1565 | D:3      | Killed Ijyb
  1572 | D:3      | Found a glowing drain.
  1572 | D:3      | Noticed Sigmund
  1602 | D:3      | Gained mutation: Your body sometimes deteriorates upon
                  | taking damage. [potion of mutation]
  1602 | D:3      | Gained mutation: You do not regenerate when monsters are
                  | visible. [potion of mutation]
  1602 | D:3      | Gained mutation: You have hidden genetic defects. [potion
                  | of mutation]
  1602 | D:3      | Gained mutation: You expend magic power (3 MP) to
                  | strengthen your wands. [potion of mutation]
  1607 | D:3      | Killed Sigmund
  1607 | D:3      | Killed themself with a badly aimed iceblast

Illustrated notes

Levels and vault maps discovered:
D:1:      wheals_arrival_linesprint, layout_loops_ring,
          shapermc_ecumenical_altar_totnotflames, hex_tiny
D:2:      layout_rooms
D:3:      layout_basic, kb_xom_exploding_sheep, nicolae_overflow_hidden_temple,
          portal_sewer_entry_a, uniq_ijyb, uniq_sigmund

Skill      XL: |  1  2  3  4  5 |
---------------+----------------+-----
Axes           | 2 3 4 |  4.1
Fighting       | 4 |  4.6
Armour         | |  3.2
Shields        | |  3.2

Action                     |  1- 3 |  4- 6 || total
---------------------------+-------+-------++-------
  Melee: War axe           |   134 |   101 ||   235
    Use: Scroll            |       |     1 ||     1
         Potion            |       |     5 ||     5
 Armour: Scale mail        |    86 |    91 ||   177
  Dodge: Dodged            |    75 |    49 ||   124
  Block: Buckler           |    27 |    31 ||    58

Table legend: (Time is in decaauts)
 A = Elapsed time spent in this place.
 B = Non-inter-level travel time spent in this place.
 C = Inter-level travel time spent in this place.
 D = Time resting spent in this place.
 E = Time spent auto-exploring this place.
 F = Levels seen in this place.
 G = Mean time per level.
                   A        B        C        D        E       F      G
               +--------+--------+--------+--------+--------+-----+--------+
         Total |   1695 |   1622 |     73 |     13 |   1064 |   3 |  565.0 |
       Dungeon |   1695 |   1622 |     73 |     13 |   1064 |   3 |  565.0 |
               +--------+--------+--------+--------+--------+-----+--------+

Top non-repeatable levels by time:
     D:1: 982 daAuts
     D:2: 519 daAuts
     D:3: 193 daAuts
